 Dungeon Crawl Stone Soup version 0.26-a0-940-gf7e0b5f775 (webtiles) character file.

Game seed: 18298105903534862577

985 runemasterragnar the Slasher (level 8, -1/54 HPs)
             Began as an Octopode Fighter on Nov 28, 2020.
             Was a Follower of Dithmenos.
             Killed from afar by an orc wizard (10 damage)
             ... with a puff of flame
             ... on level 5 of the Dungeon.
             The game lasted 00:06:24 (4116 turns).

runemasterragnar the Slasher (Octopode Fighter)     Turns: 4116, Time: 00:06:25

Health: -1/54      AC:  1    Str: 15    XL:     8   Next: 18%
Magic:  18/18      EV: 12    Int: 13    God:    Dithmenos [*.....]
Gold:   108        SH:  9    Dex: 11    Spells: 7/7 levels left

rFire    . . .     SeeInvis +   w - +2 long sword (holy)
rCold    + . .     Faith    .   b - +0 kite shield
rNeg     . . .     Spirit   .   (helmet restricted)
rPois    .         Reflect  .   (no amulet)
rElec    .         Harm     .   e - ring of magical power
rCorr    .         Rampage  .   q - ring of see invisible
MR       +....                  g - ring of protection from magic
Stlth    ++++......             f - ring of protection from cold
HPRegen  0.18/turn              (no ring)
MPRegen  0.16/turn              (no ring)
                                (no ring)
                                (no ring)

@: wreathed by umbra
A: almost no armour, stealthy swim, amphibious, 8 rings, constrict 8, camouflage
1, gelatinous body 1
a: Renounce Religion


You were on level 5 of the Dungeon.
You worshipped Dithmenos.
Dithmenos was aware of your devotion.
You visited 1 branch of the dungeon, and saw 7 of its levels.

You collected 251 gold pieces.
You spent 143 gold pieces at shops.

Inventory:

Hand Weapons
 m - a +0 hunting sling
 w - a +2 long sword of holy wrath (weapon)
Missiles
 r - 9 poisoned darts (quivered)
Armour
 b - a +0 kite shield (worn)
Jewellery
 e - a ring of magical power (left tentacle)
 f - a ring of protection from cold (on tentacle)
 g - a ring of protection from magic (on tentacle)
 q - a ring of see invisible (right tentacle)
Wands
 p - a wand of flame (12)
 t - a wand of digging (4)
Scrolls
 h - a scroll of noise
 i - 2 scrolls of remove curse
 o - 2 scrolls of teleportation
 s - a scroll of amnesia
 u - a scroll of immolation
Potions
 c - 2 potions of might
 l - a potion of flight
 n - a potion of attraction


   Skills:
 + Level 4.1 Fighting
 * Level 4.6 Long Blades
 + Level 2.3 Throwing
 + Level 4.1 Dodging
 + Level 3.7 Stealth
 + Level 4.2 Shields
 + Level 2.6 Unarmed Combat
 + Level 2.6 Invocations
 + Level 2.7 Evocations


You had 7 spell levels left.
You didn't know any spells.
Your spell library contained the following spells:

 Spells                   Type           Power        Failure   Level
 Pain                     Necr           #...         77%         1


Dungeon Overview and Level Annotations

Branches:
Dungeon (7/15)
 Temple: D:4-7

Altars:
Cheibriados
Dithmenos
Kikubaaqudgha
Sif Muna
Trog
Vehumet
The Shining One

Shops:
D:5 (


Innate Abilities, Weirdness & Mutations

You cannot wear most types of armour.
You are very stealthy in the water. (Stealth+)
You are amphibious.
You can wear up to eight rings at the same time.
You can use your tentacles to constrict eight enemies at once.
Your skin changes colour to match your surroundings (Stealth+).
Your rubbery body absorbs attacks. (AC +1, EV +1)


Message History

a cursed +0 shortbow; 11 arrows You see here a +0 leather armour.
You hear the slow rusting of a very distant drain.
There is an open door here.
Things that are here:
a +0 war axe; an orc corpse You open the door.
An orc and an orc wizard come into view.
The orc wizard shouts!
The orc shouts!
You hear a shout!
The orc wizard casts a spell.
The orc wizard seems to speed up.
The orc moves out of view.
You hear a shout!
Found a bubbling cyan potion.
You close the door.
The orc wizard points at you and mumbles some strange words.
The puff of frost hits you. You resist.
* * * LOW HITPOINT WARNING * * *
The orc wizard gestures at you while chanting.
The puff of flame hits you!
You die...

.!.... . .o... .. ##..
########### #####..
#.....#...# ###..
+.@...#...# ...
#o##..##..#
##+##.######..##
#..).......#...#
+..........#...#
##....##..##.#####
#....##....##'###.###.##
#....#......#..........#
#....#......#........>.#


You could see an orc wizard (fast).

Vanquished Creatures
  Grinder (D:3)
  Sigmund (D:4)
  A centaur (D:5)
  A bullfrog (D:5)
  2 scorpions (D:4)
  A quasit (D:6)
  An orc priest (D:5)
  2 orc wizards
  Natasha (thrice) (D:3)
  Ijyb (D:3)
  Terence (D:3)
  A worker ant (D:5)
  Robin (D:3)
  3 adders
  4 worms
  2 dart slugs (D:1)
  11 orcs
  3 giant cockroaches
  18 goblins
  4 hobgoblins
  4 jackals (D:1)
  7 bats
  A frilled lizard (D:2)
  6 kobolds
  A quokka skeleton (D:5)
  6 rats
87 creatures vanquished.

Notes
Turn   | Place    | Note
-------+----------+-------------------------------------------
     0 | D:1      | runemasterragnar the Octopode Fighter began the quest for
                  | the Orb.
     0 | D:1      | Reached XP level 1. HP: 16/16 MP: 1/1
   172 | D:1      | Reached XP level 2. HP: 21/21 MP: 1/2
   984 | D:1      | Reached skill level 1 in Stealth
   984 | D:1      | Reached XP level 3. HP: 26/26 MP: 3/3
  1145 | D:2      | Found a shadowy altar of Dithmenos.
  1155 | D:2      | Became a worshipper of Dithmenos the Shadowed
  1466 | D:2      | Found a glowing golden altar of the Shining One.
  1507 | D:2      | Reached skill level 1 in Unarmed Combat
  1556 | D:2      | Reached XP level 4. HP: 31/31 MP: 4/4
  1699 | D:2      | Found a bloodstained altar of Trog.
  1725 | D:2      | Found a snail-covered altar of Cheibriados.
  1900 | D:3      | Noticed Terence
  1910 | D:3      | Killed Terence
  1921 | D:3      | Noticed Robin
  1939 | D:3      | Killed Robin
  2229 | D:3      | Reached XP level 5. HP: 36/36 MP: 5/5
  2256 | D:3      | Reached * piety under Dithmenos
  2304 | D:3      | Found a shimmering blue altar of Sif Muna.
  2306 | D:3      | Found an ancient bone altar of Kikubaaqudgha.
  2306 | D:3      | Found a radiant altar of Vehumet.
  2308 | D:3      | Identified Kikubaaqudgha's Grimoire of Dark Rituals
  2325 | D:3      | Reached skill level 1 in Evocations
  2429 | D:3      | Noticed Natasha
  2434 | D:3      | Killed Natasha
  2470 | D:3      | Noticed Natasha
  2477 | D:3      | Killed Natasha
  2478 | D:3      | Reached skill level 1 in Invocations
  2486 | D:3      | Noticed Natasha
  2495 | D:3      | Killed Natasha
  2683 | D:3      | Noticed Ijyb
  2692 | D:3      | Killed Ijyb
  2694 | D:3      | Reached XP level 6. HP: 22/42 MP: 6/6
  2853 | D:3      | Noticed Grinder
  2856 | D:3      | Paralysed by Grinder for 5 turns
  2867 | D:3      | Killed Grinder
  2868 | D:3      | Reached skill level 1 in Throwing
  3243 | D:3      | Reached XP level 7. HP: 47/47 MP: 8/8
  3554 | D:4      | Noticed Sigmund
  3563 | D:4      | Killed Sigmund
  3787 | D:4      | You fall into a shaft and drop 3 floors!
  3890 | D:5      | Entered Level 5 of the Dungeon
  4031 | D:5      | Found Deny's Antique Weapon Shoppe.
  4042 | D:5      | Reached XP level 8. HP: 11/54 MP: 9/9
  4047 | D:5      | Bought a glowing long sword for 143 gold pieces
  4116 | D:5      | Killed from afar by an orc wizard

Illustrated notes

Levels and vault maps discovered:
D:1:      scummos_arrival_star, layout_basic
D:2:      layout_loops_ring, grunt_dithmenos_smoke_and_mirrors,
          lemuel_round_altar, cheibriados_altar_1, lemuel_crystal_altar,
          corexii_item_surrounded_by_moat, minmay_pentomino_v4
D:3:      layout_basic, grunt_temple_overflow_magic_moments, uniq_robin,
          uniq_terence, uniq_grinder, uniq_ijyb, uniq_natasha
D:4:      layout_basic, old_standard_altar, uniq_sigmund
D:5:      layout_gridville, hangedman_ru_absence, minmay_temple_entry_fiery,
          portal_sewer_entry_b, serial_shops, kennysheep_mini,
          gammafunk_ghost_smash, cheibrodos_ashenzari_chains
D:6:      layout_layer_cave, hangedman_glass_garden, minmay_misc_feat_room,
          dk_noncrumbling_3, serial_park_tiny_pond, uniq_blork_the_orc
D:7:      layout_loops_cross, nicolae_overflow_crystal_walls,
          hangedman_decor_slide_cut, uniq_maggie, uniq_menkaure

Skill      XL: |  1  2  3  4  5  6  7 |
---------------+----------------------+-----
Stealth        | 1 2 3 |  3.7
Unarmed Combat | 1 2 |  2.6
Long Blades    | 3 4 |  4.6
Evocations     | 1 2 |  2.7
Invocations    | 1 2 |  2.6
Throwing       | 1 2 |  2.3
Shields        | 4 |  4.2
Fighting       | 4 |  4.1
Dodging        | 4 |  4.1

Action                   |  1- 3 |  4- 6 |  7- 9 || total
-------------------------+-------+-------+-------++-------
Melee: Long sword        |    68 |    73 |    52 ||   193
       Tentacles         |    18 |    15 |    11 ||    44
       Constrict         |    23 |    19 |    19 ||    61
       Punch             |       |     3 |     1 ||     4
Throw: Dart              |       |     2 |     1 ||     3
Evoke: Wand              |       |       |     5 ||     5
  Use: Potion            |     2 |     2 |     3 ||     7
       Scroll            |       |     6 |     2 ||     8
 Stab: Sleeping          |     9 |     3 |     2 ||    14
Armor: Skin              |     3 |     2 |     8 ||    13
Dodge: Dodged            |    34 |    49 |    27 ||   110
Block: Kite shield       |    21 |    35 |    20 ||    76
       Rpst.: Long sword |     7 |     9 |     5 ||    21

Table legend: (Time is in decaauts)
 A = Elapsed time spent in this place.
 B = Non-inter-level travel time spent in this place.
 C = Inter-level travel time spent in this place.
 D = Time resting spent in this place.
 E = Time spent auto-exploring this place.
 F = Levels seen in this place.
 G = Mean time per level.
                   A        B        C        D        E       F      G
               +--------+--------+--------+--------+--------+-----+--------+
         Total |   4172 |   4147 |     25 |    676 |   2658 |   7 |  596.0 |
       Dungeon |   4172 |   4147 |     25 |    676 |   2658 |   7 |  596.0 |
               +--------+--------+--------+--------+--------+-----+--------+

Top non-repeatable levels by time:
     D:3: 1678 daAuts
     D:1: 1158 daAuts
     D:2: 765 daAuts
     D:4: 237 daAuts
     D:5: 228 daAuts
     D:6: 82 daAuts
     D:7: 21 daAuts
